Map: Winter Madness LE

Players

coolguy - Winner!

  • Race: Protoss Protoss
  • Spawn Location: 11:00

TaUrUsXXL

  • Race: Terran Terran
  • League: Bronze
  • Spawn Location: 5:00

VOD

Have the link to the VOD?

Description

Time

  • Played on: April 18, 2026, 3:33 a.m.
  • Length: 12:03
Show
View Real Time Build Order
Export as new Build Order

coolguy Protoss - Winner!

Build Orders:  

Get SALT Encoding   

  1  0:00  Probe  
  13  0:17  Pylon  
  13  0:21  Probe  
  14  0:34  Probe  
  15  0:36  Gateway  
  15  0:48  Probe  
  16  1:00  Probe  
  16  1:02  Pylon  
  17  1:12  Probe  
  18  1:23  Assimilator  
  18  1:24  Probe  
  19  1:27  Zealot  
  21  1:54  Zealot  
  21  1:56  Probe  
  21  2:00  Assimilator  
  24  2:08  Probe  
  24  2:15  Cybernetics Core  
  25  2:17  Forge  
  25  2:20  Probe  
  25  2:21  Zealot  
  28  2:26  Gateway  
  28  2:28  Pylon  
  28  2:31  Probe  
  29  2:39  Probe  
  30  2:48  Probe  
  31  2:58  Assimilator  
  31  2:59  Assimilator  
  31  3:01  Probe  
  32  3:13  Probe  
  33  3:21  Probe  
  33  3:22  Warp Gate  
  33  3:26  Protoss Ground Weapons Level 1  
  34  3:29  Probe  
  35  3:41  Probe  
  36  3:46  Pylon  
  36  3:53  Probe  
  37  3:56  Gateway  
  37  4:05  Nexus  
  37  5:04  Pylon  
  37  5:05  Gateway  
  37  5:27  Protoss Ground Armor Level 1  
  37  5:29  Probe  
  37  5:32  Probe  
  37  5:35  Photon Cannon  
  39  5:37  Probe  
  40  5:44  Probe  
  40  5:46  Probe  
  42  5:56  Probe  
  43  5:59  Probe  
  44  6:05  Robotics Facility  
  44  6:06  Robotics Facility  
  44  6:08  Probe  
  44  6:09  Probe  
  45  6:17  Probe  
  46  6:21  Probe  
  48  6:27  Probe  
  49  6:33  Probe  
  49  6:39  Probe  
  51  6:45  Probe  
  52  6:49  Stalker  
  52  6:50  Stalker x2  
  52  6:51  Stalker  
  60  6:57  Immortal, Probe  
  65  7:21  Pylon  
  65  7:29  Protoss Shields Level 1  
  65  7:31  Pylon  
  65  7:32  Immortal  
  69  7:39  Immortal  
  73  8:05  Immortal  
  77  8:16  Immortal  
  81  8:33  Nexus  
  81  8:41  Probe x2  
  83  8:54  Pylon  
  83  8:56  Pylon  
  83  9:00  Pylon  
  83  9:06  Assimilator  
  83  9:13  Immortal x2  
  83  9:16  Assimilator  
  91  9:39  Immortal x2  
  91  9:48  Probe  
  100  10:00  Probe  
  100  10:04  Probe x2  
  103  10:12  Probe  
  103  10:13  Immortal x2  
  104  10:16  Probe x2  
  114  10:24  Probe  
  114  10:28  Pylon, Probe x2  
  117  10:30  Pylon  
  117  10:32  Pylon  
  117  10:36  Probe  
  117  10:40  Probe x2  
  120  10:48  Probe  
  121  10:52  Probe x2, Immortal x2  
Show
View Real Time Build Order
Export as new Build Order

TaUrUsXXL Terran 

Build Orders:  

Get SALT Encoding   

  12  0:02  SCV  
  13  0:14  SCV  
  14  0:25  Supply Depot  
  14  0:26  SCV  
  15  0:43  Supply Depot  
  15  0:47  SCV  
  16  0:52  Barracks  
  16  0:59  SCV  
  17  1:09  Barracks  
  17  1:11  SCV  
  18  1:14  Refinery  
  18  1:21  Refinery  
  18  1:23  SCV  
  19  1:38  SCV  
  20  1:41  Supply Depot  
  20  1:50  Marine, SCV  
  22  1:58  Marine  
  23  2:03  SCV  
  23  2:08  Marine  
  25  2:15  SCV  
  26  2:16  Marine  
  27  2:25  Marine  
  27  2:27  SCV  
  29  2:34  Marine  
  30  2:39  SCV  
  30  2:40  Engineering Bay  
  30  2:43  Marine  
  32  2:51  Orbital Command  
  32  2:57  Marine  
  33  3:01  Marine  
  34  3:09  Supply Depot  
  34  3:13  Terran Infantry Weapons Level 1  
  34  3:14  Marine  
  34  3:19  Marine  
  36  3:31  Supply Depot  
  36  3:32  Marine  
  37  3:38  Barracks Tech Lab  
  37  3:44  SCV  
  38  3:50  Marine  
  38  3:54  Missile Turret  
  39  4:08  Marine  
  40  4:14  Factory  
  40  4:16  Missile Turret  
  40  4:25  Marine  
  40  4:29  Combat Shield  
  41  4:39  Missile Turret  
  41  4:43  Marauder, Barracks Reactor  
  43  4:58  Missile Turret  
  43  4:59  Supply Depot  
  43  5:02  Factory Tech Lab  
  43  5:04  Marauder  
  45  5:07  Terran Infantry Armor Level 1  
  45  5:18  Missile Turret  
  45  5:20  Command Center  
  45  5:25  Marine  
  45  5:26  Marine  
  49  5:28  Marauder  
  49  5:39  Missile Turret  
  49  5:43  Marine  
  49  5:44  Marine  
  49  5:46  Starport  
  49  5:47  Concussive Shells  
  49  5:49  Marauder  
  53  5:58  Supply Depot  
  53  5:59  Missile Turret  
  53  6:01  Marine  
  53  6:02  Marine  
  55  6:11  Marauder  
  57  6:19  Marine x2  
  57  6:22  Supply Depot  
  57  6:24  Starport Tech Lab  
  59  6:32  Armory, Marauder  
  61  6:33  Refinery  
  61  6:39  SCV  
  62  6:46  Supply Depot  
  62  6:51  SCV  
  63  7:00  Refinery  
  63  7:03  SCV  
  64  7:10  Medivac  
  67  7:15  SCV  
  67  7:22  Starport  
  67  7:30  Terran Infantry Weapons Level 2  
  67  7:35  Terran Vehicle Weapons Level 1  
  67  7:48  Orbital Command  
  67  7:59  Viking  
  67  8:01  Supply Depot  
  67  8:03  Starport Tech Lab  
  69  8:24  SCV  
  69  8:25  Starport  
  70  8:29  Raven  
  72  8:34  Viking  
  72  8:36  SCV  
  75  8:48  SCV  
  75  8:53  Armory  
  76  9:00  SCV  
  77  9:04  Viking  
  77  9:07  Starport Reactor, Starport  
  79  9:21  SCV  
  80  9:33  SCV  
  80  9:34  Viking x2  
  85  9:46  Terran Infantry Armor Level 2  
  85  9:51  Hyperflight Rotors, Missile Turret  
  85  9:52  Starport Tech Lab  
  85  9:57  Siege Tank  
  88  10:01  Terran Ship Weapons Level 1  
  88  10:03  Terran Vehicle And Ship Armor Level 1  
  88  10:04  Viking x2  
  92  10:12  SCV  
  93  10:16  Marine  
  93  10:17  Marine  
  93  10:20  Marauder  
  97  10:24  SCV  
  98  10:30  Siege Tank, Cloaking Field  
  98  10:34  Marine x2, Viking  
  105  10:41  Marauder  
  107  10:51  Marine  
  107  10:52  Marine  
  109  11:00  Starport  
  109  11:09  Marine  
  110  11:12  Marine, Supply Depot  
  110  11:14  Marauder  
  62  11:36  Supply Depot  
  57  11:41  Marine x2  
Tags
 
Add a new tag
Caveats
  • Supply blocks, unpowered buildings, or Contaminate may cause inaccurate times.
  • Supply counts are checked every 10 seconds.